 Dungeon Crawl Stone Soup version 0.30.0-18-gc0e69614cb (webtiles) character file.

Game seed: 6389504547620089660

414685 melkoren the Demonic Catastrophe (level 22, -28/184 HPs)
             Began as a Demonspawn Gladiator on May 17, 2023.
             Was an Elder of Qazlal.
             Annihilated by an ettin
             ... wielding a +0 great mace
              (31 damage)
             ... on level 5 of the Vaults on May 24, 2023.
             The game lasted 05:46:58 (78282 turns).

melkoren the Demonic Catastrophe (DsGl)            Turns: 78282, Time: 05:47:02

Health: -28/184    AC: 39    Str: 31    XL:     22   Next: 53%
Magic:  29/36      EV: 12    Int: 14    God:    Qazlal [****..]
Gold:   1781       SH: 24    Dex: 19    Spells: 37/42 levels left

rFire   + + .        T - +8 demon trident "Rift" {distort, reach+}
rCold   + + .        A - +0 kite shield
rNeg    . . .        O - +4 crystal plate armour {rC+}
rPois   .            W - +2 helmet {SInv}
rElec   .            l - scarf {rC+ rF+}
rCorr   .            (gloves unavailable)
SInv    +            K - +2 pair of boots
Will    +....        x - amulet of reflection Stlth
                     E - ring "Xuicuempou" {Str+6 Int+2}
HPRegen 0.50/turn    a - +6 ring of strength
MPRegen 0.25/turn

%: repel missiles, reflection
@: hasted, very quick
A: molten scales 3, demonic guardian 3, icemail 1, augmentation 1, condensation
shield, demonic touch 3
}: 2/15 runes: decaying, serpentine
a: Renounce Religion, Upheaval, Elemental Force


You were on level 5 of the Vaults.
You worshipped Qazlal.
Qazlal was greatly pleased with you.
You visited 9 branches of the dungeon, and saw 43 of its levels.
You visited the Abyss 3 times.
You also visited: Ossuary and Ice Cave.

You collected 5330 gold pieces.
You spent 3549 gold pieces at shops.

Inventory:

Hand Weapons
 T - the +8 demon trident "Rift" (weapon) {distort, reach+}
   (You found it on level 3 of the Lair of Beasts)
Missiles
 g - 7 curare-tipped darts
 i - 8 silver javelins
 n - 2 javelins
 y - 117 stones (quivered)
Armour
 d - +0 storm dragon scales
 l - a scarf of resistance (worn)
 A - a +0 kite shield (worn)
 K - a +2 pair of boots (worn)
 O - a +4 crystal plate armour of cold resistance (worn)
 W - a +2 helmet of see invisible (worn)
Jewellery
 a - a +6 ring of strength (right hand)
 f - a ring of wizardry
 x - an amulet of reflection (around neck)
 B - a ring of flight
 E - the ring "Xuicuempou" (left hand) {Str+6 Int+2}
   (You found it in an ice cave)

   [ring of strength]

   Str:       It affects your strength (+6).
   Int:       It affects your intelligence (+2).
Wands
 o - a wand of iceblast (31)
 q - a wand of digging (18)
 v - a wand of acid (7)
 J - a wand of flame (86)
 M - a wand of charming (48)
 P - a wand of polymorph (33)
 Q - a wand of mindburst (47)
Scrolls
 b - a scroll of fog
 e - 4 scrolls of enchant weapon
 w - 3 scrolls of fear
 D - 2 scrolls of brand weapon
 F - 11 scrolls of amnesia
 G - 4 scrolls of enchant armour
 H - 11 scrolls of teleportation
 S - 2 scrolls of magic mapping
 V - 5 scrolls of poison
 Y - a scroll of butterflies
Potions
 h - 24 potions of curing
 j - 6 potions of haste
 k - 3 potions of cancellation
 m - 8 potions of brilliance
 s - a potion of berserk rage
 t - 7 potions of invisibility
 u - 3 potions of ambrosia
 z - 4 potions of magic
 C - 6 potions of mutation
 L - a potion of flight
 R - 7 potions of lignification


   Skills:
 * Level 18.0 Fighting
 - Level 9.3(10.0) Axes
 - Level 5.2(8.0) Polearms
 * Level 7.3 Throwing
 * Level 16.4 Armour
 - Level 11.5 Dodging
 + Level 14.3 Shields
 - Level 10.8 Spellcasting
 - Level 10.5 Conjurations
 - Level 10.0 Ice Magic
 - Level 10.0 Air Magic
 + Level 18.1 Invocations


You had 37 spell levels left.
You knew the following spells:

 Your Spells              Type           Power      Damage    Failure   Level
a - Freezing Cloud        Conj/Ice/Air   18%        6-21      58%         5

Your spell library contained the following spells:

 Spells                   Type           Power      Damage    Failure   Level
 Freeze                   Ice            100%       1d10      2%          1
 Magic Dart               Conj           100%       1d8       2%          1
 Hailstorm                Conj/Ice       36%        3d9       8%          3
 Frozen Ramparts          Ice            70%        1d11      9%          3
 Mephitic Cloud           Conj/Pois/Air  26%        N/A       30%         3
 Ensorcelled Hibernation  Hex/Ice        42%        N/A       32%         2
 Cigotuvi's Dreadful Rot  Necr/Pois/Air  32%        N/A       54%         2
 Beastly Appendage        Tmut           14%        N/A       86%         1
 Summon Lightning Spire   Summ/Air       21%        N/A       91%         4
 Call Imp                 Summ           14%        N/A       95%         2
 Sublimation of Blood     Necr           7%         N/A       95%         2
 Wereblood                Tmut           7%         N/A       95%         2
 Ignite Poison            Fire/Tmut/Pois 7%         N/A       99%         3
 Portal Projectile        Hex/Tloc       14%        N/A       99%         3
 Spider Form              Tmut/Pois      7%         N/A       99%         3
 Tukima's Dance           Hex            7%         N/A       99%         3
 Irradiate                Conj/Tmut      11%        3d15      99%         5
 Metabolic Englaciation   Hex/Ice        10%        N/A       99%         5
 Anguish                  Hex/Necr       3%         N/A       100%        4
 Animate Armour           Summ/Erth      14%        N/A       100%        4
 Petrify                  Tmut/Erth      7%         N/A       100%        4
 Agony                    Necr           7%         N/A       100%        5
 Blade Hands              Tmut           3%         N/A       100%        5
 Lee's Rapid Deconstruct  Erth           3%         3d5*      100%        5
 Summon Forest            Summ/Tloc      3%         N/A       100%        5
 Summon Mana Viper        Hex/Summ       7%         N/A       100%        5
 Iron Shot                Conj/Erth      11%        9d3       100%        6
 Simulacrum               Ice/Necr       10%        N/A       100%        6
 Summon Cactus Giant      Summ           3%         N/A       100%        6
 Ozocubu's Refrigeration  Ice            17%        4d11      100%        7
 Summon Hydra             Summ           3%         N/A       100%        7
 Chain Lightning          Conj/Air       18%        3d24      100%        9
 Fire Storm               Conj/Fire      11%        8d3       100%        9
 Polar Vortex             Ice            17%        N/A       100%        9
 Shatter                  Erth           3%         3d7*      100%        9


Dungeon Overview and Level Annotations

Branches:
Dungeon (15/15)            Temple (1/1) D:7            Lair (5/5) D:9
  Swamp (4/4) Lair:3        Snake (4/4) Lair:2        Slime (0/5) Lair:5
    Orc (2/2) D:10            Elf (3/3) Orc:2        Vaults (4/5) D:13
  Crypt (0/3) Vaults:3     Depths (4/4) D:15            Zot (0/5) Depths:4
Ossuary (visited)           IceCv (visited)

Altars:
Ashenzari
Cheibriados
Dithmenos
Fedhas
Gozag
Hepliaklqana
Kikubaaqudgha
Makhleb
Nemelex Xobeh
Okawaru
Qazlal
Ru
Sif Muna
Trog
Uskayaw
Vehumet
Wu Jian
Xom
Yredelemnul
Jiyva
Lugonu

Shops:
D:6 (   D:9 :   D:13 (   Orc:2 :(*[   Elf:2 ?   Elf:3 *   Snake:1 [?*(?
Snake:3 [!   Snake:4 =*(   Vaults:2 [   Vaults:4 (   Depths:3 ::=

Portals:
Hell: Depths:1 Depths:2 Depths:3 Depths:4
Abyss: Lair:3 Depths:2 Depths:3 Depths:4
Pandemonium: Depths:2
Ziggurat: Depths:2
Trove: Vaults:1 (give +5 ice dragon scales)

Annotations:
D:15 2 transporters, Bananafolds's ghost, adept NaVM; Roxanne
Snake:3 1 runed translucent door
Orc:1 1 runed translucent door
Abyss:1 ProzacElf's ghost, novice DsAE; Urug


Innate Abilities, Weirdness & Mutations

You are completely covered in molten scales. (AC +4, rF+)
A powerful demonic guardian rushes to your aid.
A meltable icy envelope protects you from harm. (AC +0)
Your magical and physical power is slightly enhanced at high health.
A meltable shield of frost defends you. (SH +0)
Your touch may irresistibly damage your foes and sap their willpower.


Message History

As you read the scroll of poison, it crumbles to dust.
The hell knight prays to its god.
The hell knight blinks!
Activating: Elemental Force (0% risk of failure)
Press: ? - help, Dir - look around, f - activate Clouds arounds you coalesce and take form!
The stone giant seems to regain its courage.
The hell knight prays to its god.
The hell knight blinks!
The storm dragon is engulfed in poison gas.
The storm dragon is poisoned.
The ironbound convoker cries, "Help!"
You block the phantasmal warrior's attack.
The ettin hits your cacodemon with a +0 great mace!!!
The ettin closely misses your cacodemon.
The vault warden is engulfed in poison gas.
The vault warden is poisoned.
The vault warden cowers, then darts away.
Your cacodemon hits the ettin. Your cacodemon hits the ettin!
Unknown command.
You swap places.
You hear a shout!
The deep troll earth mage seems to regain its courage.
The hell knight is engulfed in poison gas.
The hell knight is poisoned.
The hell knight utters an invocation to its god.
The hell knight blinks!
The storm dragon is engulfed in poison gas.
The storm dragon looks even sicker.
The stone giant is engulfed in poison gas.
The stone giant is poisoned.
The titan points at you and mumbles some strange words.
The bolt of lightning hits you!!
* * * LOW HITPOINT WARNING * * *
The titan is poisoned.
You block the shadow dragon's attack. x2
The shadow dragon claws you but does no damage.
The ettin hits you with a +0 great mace.
* * * LOW HITPOINT WARNING * * *
The ettin hits you with a +0 dire flail!!
You die...

#....#,,....*,**,,,,,**,*,*,*,,*,
#....#,#.#.#,,,*******,,,,,*,*,*,
#...C##.#...*,,*,,,,,*,,*,,,,,,*,
#....#.....#,*,+,,,,,+,*,,,,,,,#.
..)§§§)=..,,,,,*,,,,,*,,*,,,*,...
..[[§[.######################....
.[<§§[§...D§Q.§§§§p§°§E.E§.......
.<[§§§§.4..§T..CD2.§§§E.§§C......
p.<§[p.pQ.§§C§.T@WCE§§§§§§c§.....
..[§§.4TC.§pQ..C§○.§u§§§§§.W.....
..(.§§§§D###################.....
.........#******************,....
#........#*,,,,,,,,,,,,,,,**,,...
#....###..D,,,,,,,,,,,,,,,,,,**#.
#....#**....,,,,,,,,,,,,,,,,,***,
#....#*,,...,,,,,,,,,,,,,,,,,,**,
*,,,,**,,,,,,***********,,,,,,**,


You could see a shadow dragon (catching breath), 2 titans, a storm dragon
(strong, fleeing, very poisoned), a green very ugly thing (fleeing, ally
target), a stone giant (poisoned), a vault warden (fleeing, poisoned), 2 tengu
reavers, an ettin (strong), a hell knight (fast, fleeing, poisoned), a deep
troll (fleeing), a phantasmal warrior, a deep troll earth mage (ally target), a
friendly cacodemon (summoned), a friendly fire elemental (summoned) and 2
friendly air elementals.

Vanquished Creatures
  Sojobo (Depths:3)
  A golden dragon (Depths:4)
  Mlioglotl (Snake:1)
  Rupert (D:15)
  A walking crystal tome (Depths:1)
  2 liches
  Frances (Snake:1)
  2 sphinxes
  A tentacled starspawn (Abyss:5)
  2 storm dragons
  A shadow dragon (Depths:4)
  Agnes (D:15)
  A thorn hunter (Swamp:4)
  4 nagarajas
  3 tengu reavers
  5 frost giants
  6 fire giants
  4 vault wardens
  An iron dragon (Depths:4)
  8 ironbound preservers
  A draconian stormcaller (Depths:4)
  2 orc warlords
  3 deep elf elementalists
  A reaper (Depths:1)
  4 stone giants
  A war gargoyle (Vaults:3)
  11 very ugly things
  3 black draconians (Depths:4)
  3 eleionomae
  3 vampire knights
  3 ironbound thunderhulks
  A deep elf demonologist (Elf:3)
  A deep elf annihilator (Vaults:5)
  The ghost of Irhican the Severer, a journeyman MiBe of Trog (Lair:3)
  2 spark wasps (Depths:1)
  2 bunyips (Swamp:1)
  4 yellow draconians
  5 fire dragons
  8 ettins
  A crystal guardian (Vaults:3)
  2 entropy weavers
  4 yaktaur captains
  5 great orbs of eyes
  A shambling mangrove (Swamp:4)
  2 deep elf high priests
  18 hydras
  4 ice dragons
  A hydra (shapeshifter) (Abyss:5)
  3 ironbound frosthearts
  4 peacekeepers
  3 catoblepae
  3 ghost crabs
  5 rakshasas
  4 spriggan air magi
  23 vault guards
  11 anacondas
  An ogre mage (D:15)
  A salamander tyrant (Snake:4)
  13 centaur warriors
  4 death yaks
  22 dancing weapons
  A death knight (D:14)
  5 alligators
  4 boulder beetles
  8 two-headed ogres
  3 deep troll shamans
  7 naga warriors
  4 orc high priests
  3 hell hogs (Depths:1)
  12 naga sharpshooters
  6 tengu warriors
  3 deep troll earth magi
  8 hell knights
  5 spriggan berserkers
  2 shock serpents (Snake:4)
  4 thrashing horrors (Abyss:5)
  A vampire mage (Depths:4)
  18 deep elf knights
  5 spriggans
  A salamander mystic (Snake:2)
  3 soul eaters (Depths:1)
  5 shadow wraiths (Depths:3)
  2 sun demons (Depths:1)
  4 spriggan druids
  7 goliath frogs
  6 iron trolls
  5 sea snakes
  A skyshark (shapeshifter) (Elf:1)
  3 glowing orange brains
  An orange crystal statue (D:13)
  An orb spider (shapeshifter) (Vaults:1)
  4 swamp dragons (Swamp:4)
  36 deep trolls
  5 wizards
  3 flayed ghosts (Depths:3)
  2 bog bodies
  9 ironbound convokers
  Pikel (D:4)
  13 lindwurms
  7 naga ritualists
  11 orc knights
  7 phantasmal warriors
  24 deep elf pyromancers
  15 deep elf archers
  6 orc sorcerers
  5 necromancers
  9 mana vipers
  23 deep elf zephyrmancers
  A fire giant zombie (Vaults:4)
  7 salamanders
  13 ugly things
  4 will-o-the-wisps
  A sphinx skeleton (Vaults:4)
  9 cyclopes
  13 elephants
  2 manticores
  Maurice (D:9)
  3 ice statues
  An elf zombie (Vaults:4)
  18 slime creatures
  12 naga magi
  9 vault sentinels
  An apocalypse crab (Abyss:3)
  40 black mambas
  A gargoyle (D:13)
  A guardian serpent (Abyss:5)
  11 cane toads
  5 smoke demons
  An eye of devastation (shapeshifter) (Depths:1)
  2 torpor snails
  5 unseen horrors
  An elf skeleton (Vaults:4)
  A hellion (Depths:1)
  A kobold demonologist (D:11)
  8 rime drakes
  4 komodo dragons
  14 yaktaurs
  3 tengu conjurers
  A troll (shapeshifter) (D:13)
  A red devil (Lair:3)
  8 tyrant leeches
  8 hornets
  A bloated husk (Swamp:3)
  2 meliai
  6 trolls
  2 polar bears (Lair:4)
  19 blink frogs
  A queen bee (Lair:4)
  Prince Ribbit (Lair:1)
  2 raiju
  A wind drake (shapeshifter) (Lair:3)
  4 dream sheep
  An air elemental (Elf:2)
  A centaur simulacrum (D:13)
  3 ettin zombies (Vaults:4)
  A culicivora (Vaults:2)
  4 wraiths (D:11)
  A ynoxinul (Depths:2)
  3 shadows (D:11)
  A deep troll skeleton (Vaults:4)
  6 wyverns
  A starcursed mass (Abyss:2)
  7 water elementals
  9 basilisks
  48 yaks
  4 vampires
  2 fire elementals
  3 redbacks
  5 large abominations
  2 steam dragons
  24 vampire mosquitoes
  4 chaos spawn
  4 small abominations
  16 swamp worms
  31 nagas
  4 wargs (Orc:1)
  An acid dragon (D:8)
  22 water moccasins
  A floating eye (Depths:4)
  An ogre skeleton (Vaults:4)
  11 swamp drakes (Swamp:4)
  2 floating eyes (shapeshifter)
  2 black bears
  28 orc warriors
  3 sky beasts
  An ice beast (D:8)
  6 wolves
  9 ogres
  8 centaurs
  Blork the orc (D:5)
  A kobold brigand (D:10)
  9 bullfrogs
  An earth elemental (Elf:1)
  6 scorpions
  3 wights
  A water moccasin zombie (Ossuary)
  2 lindwurm simulacra (IceCv)
  25 killer bees
  2 vampire bats (Lair:5)
  9 howler monkeys
  5 electric eels
  11 centaur zombies
  2 bullfrog zombies (Ossuary)
  3 human zombies
  9 komodo dragon simulacra (IceCv)
  6 jellies
  19 orc priests
  Crazy Yiuf (D:3)
  2 sleepcaps
  4 hounds
  2 iron imps (Abyss:2)
  2 human skeletons
  Ijyb (D:5)
  2 iguanas
  A scorpion zombie (Ossuary)
  27 orc wizards
  2 ogre zombies (Ossuary)
  A howler monkey zombie (D:11)
  3 acid dragon simulacra (IceCv)
  An adder (D:5)
  A shadow imp (D:7)
  A white imp (Vaults:1)
  5 steam dragon simulacra (IceCv)
  3 adder zombies (Ossuary)
  A dart slug (D:1)
  68 orcs
  7 bats
  5 endoplasms
  5 giant cockroaches
  5 gnoll zombies
  5 goblins
  10 hobgoblins
  4 jackals (D:2)
  10 kobolds
  4 quokkas
  5 ball pythons
  4 frilled lizards
  A goblin zombie (Ossuary)
  3 hobgoblin zombies (Ossuary)
  A kobold zombie (D:8)
  4 orc zombies (Ossuary)
  6 rats
1411 creatures vanquished.

Vanquished Creatures (collateral kills)
  A storm dragon (Depths:1)
  A sphinx (Vaults:4)
  A tengu reaver (Depths:3)
  A nagaraja (Snake:4)
  An ironbound preserver (Vaults:5)
  A stone giant (Vaults:5)
  A vampire knight (Depths:2)
  A deep elf demonologist (Vaults:5)
  A dire elephant (Vaults:1)
  A yaktaur captain (Vaults:4)
  A fire dragon (Depths:4)
  4 vault guards
  A spriggan air mage (Depths:3)
  A peacekeeper (Vaults:4)
  A hydra (Lair:5)
  2 ice dragons
  An ironbound frostheart (Vaults:4)
  2 alligators
  A thrashing horror (Abyss:5)
  A spriggan (Depths:3)
  3 deep elf knights (Elf:2)
  A skyshark (Lair:5)
  A shadow wraith (Depths:3)
  2 naga ritualists
  A goliath frog (Swamp:3)
  A phantasmal warrior (Vaults:5)
  An ironbound convoker (Vaults:4)
  A large abomination (Abyss:4)
  A mana viper (Snake:2)
  3 deep elf zephyrmancers
  A deep elf pyromancer (Elf:2)
  An ugly thing (Depths:1)
  A cyclops (D:12)
  A worldbinder (Abyss:5)
  An elephant (Lair:4)
  5 cane toads
  A torpor snail (Lair:1)
  A rime drake (IceCv)
  A meliai (Lair:4)
  A tyrant leech (Lair:3)
  A hornet (Depths:3)
  A polar bear (Lair:5)
  4 raiju
  A blink frog (Lair:4)
  A wraith (Abyss:3)
  2 water elementals (Depths:3)
  A starcursed mass (Abyss:4)
  2 vampire mosquitoes (Lair:5)
  A naga (Snake:4)
  An acid dragon (D:8)
  A water moccasin (Swamp:3)
  2 orc warriors (D:7)
  A centaur (D:7)
  A kobold brigand (D:9)
  2 bullfrogs
  2 wights (D:7)
  A lindwurm simulacrum (IceCv)
  3 killer bees (Lair:4)
  An orc priest (D:7)
  2 jellies
  4 orcs
  4 goblins (D:3)
  3 bats (Lair:4)
  3 kobolds
  A rat (D:3)
100 creatures vanquished.

Vanquished Creatures (others)
  A fire giant (Depths:2)
  A vault warden (Vaults:3)
  Nessos (D:15)
  Sonja (Abyss:2)
  A deep elf knight (Elf:1)
  A salamander mystic (Abyss:2)
  2 naga ritualists (Abyss:2)
  A deep elf pyromancer (D:15)
  A manticore (D:14)
  A black mamba (Abyss:2)
  A water elemental (Depths:3)
  2 spriggans
  A human (D:10)
  A swamp worm (Swamp:3)
  An orc (D:9)
  2 butterflies (Lair:5)
  35 foxfires
  A lurking horror (Abyss:5)
  7 starspawn tentacles
62 creatures vanquished.

Grand Total: 1573 creatures vanquished

Notes
Turn   | Place    | Note
-------+----------+-------------------------------------------
     0 | D:1      | melkoren the Demonspawn Gladiator began the quest for the
                  | Orb.
     0 | D:1      | Reached XP level 1. HP: 16/16 MP: 1/1
   244 | D:1      | Gained mutation: A meltable shield of frost defends you.
                  | (SH +0) [demonic ancestry]
   244 | D:1      | Reached XP level 2. HP: 19/22 MP: 2/2
  1186 | D:2      | Reached skill level 1 in Armour
  1186 | D:2      | Gained mutation: A weak demonic guardian rushes to your
                  | aid. [demonic ancestry]
  1186 | D:2      | Reached XP level 3. HP: 25/28 MP: 3/3
  2552 | D:3      | Identified the +5 plate armour of Poalew {rPois}
  3280 | D:3      | Found a runed translucent door.
  3281 | D:3      | Noticed Crazy Yiuf
  3287 | D:3      | Killed Crazy Yiuf
  3288 | D:3      | Reached XP level 4. HP: 27/34 MP: 4/4
  3358 | D:4      | Identified the +11 rapier of the Spinneret {freeze, rF- rC+
                  | Int+3}
  3434 | D:4      | Noticed a scorpion
  3437 | D:4      | Killed a scorpion
  3438 | D:4      | Gained mutation: You are partially covered in molten
                  | scales. (AC +2) [demonic ancestry]
  3438 | D:4      | Reached XP level 5. HP: 41/41 MP: 5/5
  3445 | D:4      | Noticed Pikel
  3446 | D:4      | Noticed a lemure
  3446 | D:4      | Noticed a lemure
  3457 | D:4      | Noticed a lemure
  3458 | D:4      | Noticed a lemure
  3467 | D:4      | Killed Pikel
  3468 | D:4      | Gained mutation: You are mostly covered in molten scales.
                  | (AC +3) [demonic ancestry]
  3468 | D:4      | Reached XP level 6. HP: 26/48 MP: 6/6
  3468 | D:4      | Gained mutation: A demonic guardian rushes to your aid.
                  | [demonic ancestry]
  3468 | D:4      | Reached XP level 7. HP: 29/54 MP: 7/7
  3931 | D:5      | Entered Level 5 of the Dungeon
  4008 | D:5      | Noticed Ijyb
  4017 | D:5      | Killed Ijyb
  4882 | D:5      | Upgraded the game from 0.30.0-13-g156ef70053 to
                  | 0.30.0-15-g856e2d3f33
  4892 | D:5      | Reached skill level 5 in Dodging
  4956 | D:5      | Found a hazy altar of Hepliaklqana.
  5028 | D:5      | Reached skill level 5 in Fighting
  5028 | D:5      | Reached skill level 5 in Axes
  5028 | D:5      | Reached XP level 8. HP: 58/62 MP: 8/8
  5088 | D:5      | Noticed Blork the orc
  5094 | D:5      | Killed Blork the orc
  5478 | D:6      | Found a burning altar of Makhleb.
  5677 | D:6      | Reached skill level 5 in Armour
  5760 | D:6      | Found an opulent altar of Gozag.
  5972 | D:6      | Found Wiera's Weapon Boutique.
  6417 | D:7      | Gained mutation: A meltable icy envelope protects you from
                  | harm. (AC +0) [demonic ancestry]
  6417 | D:7      | Reached XP level 9. HP: 67/71 MP: 9/9
  7566 | D:7      | Learned a level 5 spell: Freezing Cloud
  7569 | D:7      | Found a staircase to the Ecumenical Temple.
  7627 | Temple   | Entered the Ecumenical Temple
  7676 | Temple   | Became a worshipper of Qazlal Stormbringer
  7863 | D:8      | Reached skill level 1 in Conjurations
  7868 | D:8      | Reached skill level 1 in Ice Magic
  7868 | D:8      | Reached skill level 1 in Air Magic
  7943 | D:8      | Found a sand-covered staircase.
  7950 | Ossuary  | Entered an ossuary
  8216 | Ossuary  | Noticed a silent spectre
  8218 | Ossuary  | Reached * piety under Qazlal
  8219 | Ossuary  | Reached skill level 1 in Shields
  8268 | D:8      | Identified a scroll of acquirement
  8268 | D:8      | Acquired a +1 pair of gloves of dexterity
  8283 | D:8      | Noticed a troll
  8293 | D:8      | Gained mutation: Your touch may inflict minor irresistible
                  | damage on your foes. [demonic ancestry]
  8293 | D:8      | Reached XP level 10. HP: 48/79 MP: 10/10
  9378 | D:9      | Noticed an elephant
  9399 | D:9      | Killed an elephant
  9400 | D:9      | Found a staircase to the Lair.
  9472 | D:9      | Found a runed translucent gate.
  9472 | D:9      | Found a runed translucent gate.
  9472 | D:9      | Found a runed translucent gate.
  9475 | D:9      | Found a viscous altar of Jiyva.
  9475 | D:9      | Noticed ProzacElf's ghost (novice DsAE)
  9521 | D:9      | Noticed Maurice
  9529 | D:9      | Identified the +6 plate armour of the Unbroken {rF+}
  9537 | D:9      | Killed Maurice
 10345 | D:9      | Found Kiar's Tremendous Tomes.
 10676 | Lair:1   | Entered Level 1 of the Lair of Beasts
 10773 | Lair:1   | Reached ** piety under Qazlal
 10825 | Lair:1   | Gained mutation: Your touch may inflict irresistible damage
                  | on your foes. [demonic ancestry]
 10825 | Lair:1   | Reached XP level 11. HP: 87/87 MP: 11/11
 11211 | Lair:1   | Noticed Prince Ribbit
 11226 | Lair:1   | Killed Prince Ribbit
 11420 | Lair:1   | Noticed an ice dragon
 11450 | Lair:1   | Killed an ice dragon
 12190 | Lair:2   | Reached skill level 5 in Conjurations
 12227 | Lair:2   | Found a staircase to the Snake Pit.
 12433 | Lair:2   | Reached *** piety under Qazlal
 12979 | Lair:3   | Gained mutation: You are completely covered in molten
                  | scales. (AC +4, rF+) [demonic ancestry]
 12979 | Lair:3   | Reached XP level 12. HP: 90/95 MP: 12/12
 13158 | Lair:3   | Noticed a five-headed hydra
 13167 | Lair:3   | Noticed a four-headed hydra
 13172 | Lair:3   | Killed a five-headed hydra
 13182 | Lair:3   | Killed a four-headed hydra
 13186 | Lair:3   | Reached skill level 5 in Ice Magic
 13685 | Lair:3   | Reached skill level 5 in Air Magic
 13986 | Lair:3   | Found a transporter.
 13991 | Lair:3   | Found the +8 demon trident "Rift" {distort, reach+}
 14085 | Lair:3   | Found a transporter.
 14092 | Lair:3   | Found a one-way gate to the infinite horrors of the Abyss.
 14092 | Lair:3   | Noticed Irhican's ghost (journeyman MiBe)
 14094 | Lair:3   | Noticed a rakshasa
 14103 | Lair:3   | Killed a rakshasa
 14104 | Lair:3   | Reached skill level 5 in Shields
 14144 | Lair:3   | Killed Irhican's ghost
 14604 | Lair:3   | Found a staircase to the Swamp.
 14766 | Lair:4   | Reached **** piety under Qazlal
 15275 | Lair:4   | Noticed a death yak
 15276 | Lair:4   | Noticed a four-headed hydra
 15284 | Lair:3   | Gained mutation: A powerful demonic guardian rushes to your
                  | aid. [demonic ancestry]
 15284 | Lair:3   | Reached XP level 13. HP: 50/103 MP: 13/13
 15651 | Lair:3   | Reached skill level 10 in Fighting
 15660 | Lair:3   | Acquired a +3 broad axe of draining
 15677 | Lair:3   | Reached skill level 1 in Invocations
 15981 | Lair:4   | Reached ***** piety under Qazlal
 15982 | Lair:4   | Reached skill level 1 in Polearms
 16361 | Lair:4   | You fall into a shaft and drop 1 floor!
 16361 | Lair:5   | Entered Level 5 of the Lair of Beasts
 16361 | Lair:5   | Found a staircase to the Slime Pits.
 16363 | Lair:5   | Found a viscous altar of Jiyva.
 17077 | Lair:5   | Gained mutation: Your touch may irresistibly damage your
                  | foes and sap their willpower. [demonic ancestry]
 17077 | Lair:5   | Reached XP level 14. HP: 71/111 MP: 17/17
 18095 | Lair:4   | Reached skill level 5 in Invocations
 18627 | Lair:4   | Reached ****** piety under Qazlal
 19495 | Lair:5   | Identified the +6 mace of the Madman {speed, Dex+4}
 20017 | D:9      | Banished ProzacElf's ghost
 20054 | D:10     | Entered Level 10 of the Dungeon
 20134 | D:10     | Found a large runed translucent door.
 20135 | D:10     | Found a large runed translucent door.
 20181 | D:10     | Found a sacrificial altar of Ru.
 20183 | D:10     | Found a radiant altar of Vehumet.
 20251 | D:10     | Found a runed translucent door.
 20258 | D:10     | Found a basalt altar of Yredelemnul.
 20306 | D:10     | Found a staircase to the Orcish Mines.
 20686 | D:10     | Found a snail-covered altar of Cheibriados.
 20689 | D:10     | Found an iron altar of Okawaru.
 21129 | D:11     | Reached skill level 10 in Armour
 21961 | D:12     | Reached XP level 15. HP: 104/119 MP: 20/20
 22003 | D:12     | Found a frozen archway.
 22010 | IceCv    | Entered an ice cave
 22288 | IceCv    | Identified the ring "Xuicuempou" {Str+6 Int+2}
 22975 | Orc:1    | Entered Level 1 of the Orcish Mines
 23124 | Orc:1    | Paralysed by an orc sorcerer for 3 turns
 23337 | Orc:2    | Entered Level 2 of the Orcish Mines
 23362 | Orc:1    | Reached skill level 5 in Polearms
 23581 | Orc:2    | Noticed Sonja
 24404 | Orc:2    | Banished Sonja
 24538 | Orc:2    | Found a staircase to the Elven Halls.
 27647 | Orc:2    | Found Viufeir's General Store.
 27648 | Orc:2    | Found Qoodd's Book Boutique.
 27650 | Orc:2    | Found Zish's Antique Armour Shop.
 27650 | Orc:2    | Found Qonk's Antique Weapon Shop.
 28029 | Orc:1    | Found a runed translucent door.
 28751 | D:13     | Upgraded the game from 0.30.0-15-g856e2d3f33 to
                  | 0.30.0-16-gbe6223bb7e
 28825 | D:13     | Found Boiress's Weapon Shoppe.
 29151 | D:13     | Paralysed by a floating eye for 2 turns
 29169 | D:13     | Noticed Urug
 29175 | D:13     | Banished Urug
 29176 | D:13     | Found a gate to the Vaults.
 29511 | Abyss:2  | Cast into level 2 of the Abyss (a wizard)
 29530 | D:14     | Escaped the Abyss
 30567 | D:15     | Entered Level 15 of the Dungeon
 30581 | D:15     | Noticed Nessos
 30586 | D:15     | Killed Nessos
 30596 | D:15     | Noticed a fire giant
 30599 | D:15     | Found a staircase to the Depths.
 30604 | D:15     | Killed a fire giant
 30751 | D:15     | Reached skill level 10 in Dodging
 30765 | D:15     | Reached XP level 16. HP: 95/127 MP: 22/22
 30859 | D:15     | Noticed Roxanne
 30960 | D:15     | Found a transporter.
 30965 | D:15     | Noticed Bananafolds's ghost (adept NaVM)
 30965 | D:15     | Noticed Rupert
 30973 | D:15     | Killed Rupert
 31271 | D:15     | Noticed Agnes
 31295 | D:15     | Killed Agnes
 31865 | D:15     | Found a transporter.
 32680 | Swamp:1  | Entered Level 1 of the Swamp
 34234 | Swamp:2  | Reached skill level 10 in Conjurations
 37655 | Swamp:3  | Reached skill level 10 in Invocations
 38479 | Swamp:4  | Entered Level 4 of the Swamp
 39243 | Swamp:4  | Noticed a tentacled monstrosity
 39256 | Swamp:4  | Banished a tentacled monstrosity
 39826 | Swamp:4  | Reached XP level 17. HP: 72/135 MP: 24/24
 40440 | Swamp:4  | Got a decaying rune of Zot
 40690 | Swamp:4  | Upgraded the game from 0.30.0-16-gbe6223bb7e to
                  | 0.30.0-17-ge0270778cf
 41037 | Snake:1  | Entered Level 1 of the Snake Pit
 41112 | Snake:1  | Found Luigh's Weapon Shoppe.
 41116 | Snake:1  | Found Nesuef's Magic Scroll Shoppe.
 41116 | Snake:1  | Found Kito Ner's Magic Scroll Emporium.
 41119 | Snake:1  | Found Zuqearosh's General Store.
 41124 | Snake:1  | Bought a scroll of teleportation for 42 gold pieces
 41124 | Snake:1  | Bought a scroll of fog for 56 gold pieces
 41127 | Snake:1  | Bought a scroll of teleportation for 45 gold pieces
 41130 | Snake:1  | Bought a scroll of magic mapping for 120 gold pieces
 41130 | Snake:1  | Bought a scroll of teleportation for 48 gold pieces
 41130 | Snake:1  | Bought a scroll of magic mapping for 120 gold pieces
 41130 | Snake:1  | Bought a scroll of enchant armour for 120 gold pieces
 41429 | Snake:1  | Reached skill level 1 in Spellcasting
 41711 | Snake:1  | Found Vahani Dau's Armour Boutique.
 41996 | Snake:1  | Noticed Frances
 42007 | Snake:1  | Killed Frances
 42209 | Snake:1  | Noticed Mlioglotl
 42234 | Snake:1  | Killed Mlioglotl
 43020 | Snake:2  | Noticed Nikola
 43029 | Snake:2  | Banished Nikola
 43107 | Snake:2  | Reached skill level 10 in Shields
 43162 | Snake:2  | Reached skill level 10 in Ice Magic
 43793 | Snake:2  | Acquired the +2 cloak "Caimahu" {rCorr}
 44289 | Snake:3  | Found a runed translucent door.
 44436 | Snake:3  | Found Likulohy's Distillery.
 44443 | Snake:3  | Reached XP level 18. HP: 143/143 MP: 26/26
 44469 | Snake:3  | Reached skill level 5 in Spellcasting
 44469 | Snake:3  | Found Ytzur's Armour Shop.
 44523 | Snake:3  | Bought a potion of haste for 160 gold pieces
 44523 | Snake:3  | Bought a potion of curing for 48 gold pieces
 44523 | Snake:3  | Bought a potion of might for 64 gold pieces
 44796 | Snake:4  | Entered Level 4 of the Snake Pit
 44813 | Snake:4  | Reached skill level 10 in Air Magic
 44934 | Snake:4  | Found Rejopp's Antique Weapon Emporium.
 44936 | Snake:4  | Found Sofuo's Assorted Antiques.
 44939 | Snake:4  | Found Omeipt's Jewellery Emporium.
 44944 | Snake:4  | Bought a scroll of enchant armour for 262 gold pieces
 44944 | Snake:4  | Bought 2 potions of haste for 700 gold pieces
 45934 | Snake:4  | Got a serpentine rune of Zot
 46365 | Vaults:1 | Entered Level 1 of the Vaults
 46402 | Vaults:1 | Found a portal to a secret trove of treasure.
 47150 | Vaults:1 | Paralysed by a great orb of eyes for 2 turns
 48637 | Vaults:2 | Noticed Bai Suzhen
 48645 | Vaults:2 | Banished Bai Suzhen
 48845 | Vaults:2 | Paralysed by a sphinx for 4 turns
 48849 | Vaults:2 | Gained mutation: Your magical and physical power is
                  | slightly enhanced at high health. [demonic ancestry]
 48849 | Vaults:2 | Reached XP level 19. HP: 125/153 MP: 29/29
 48933 | Vaults:2 | Found Mustiaz's Antique Armour Emporium.
 48938 | Vaults:2 | Bought a transparent plate armour for 1036 gold pieces
 48938 | Vaults:2 | Identified the +2 plate armour of Tiowoil {Dex+3} (You
                  | bought it in a shop on level 2 of the Vaults)
 50318 | Vaults:3 | Found a staircase to the Crypt.
 50318 | Vaults:3 | Found a basalt altar of Yredelemnul.
 50319 | Vaults:3 | Found an ancient bone altar of Kikubaaqudgha.
 50493 | Abyss:2  | Cast into level 2 of the Abyss (a wizard)
 50520 | Abyss:2  | Killed Sonja
 50706 | Vaults:3 | Escaped the Abyss
 52664 | Vaults:4 | Paralysed by a sphinx for 5 turns
 53007 | Vaults:4 | Reached skill level 15 in Fighting
 53027 | Vaults:4 | Paralysed by a sphinx for 2 turns
 53371 | Vaults:4 | Found Leororul's Antique Weapon Shoppe.
 54105 | Elf:1    | Entered Level 1 of the Elven Halls
 54261 | Elf:1    | Reached XP level 20. HP: 153/162 MP: 33/33
 54423 | Elf:1    | Reached skill level 15 in Invocations
 55518 | Elf:2    | Identified the +2 glaive of Theory {heavy, Contam rElec
                  | Will++}
 55525 | Elf:2    | Found Vyefacs's Magic Scroll Boutique.
 55560 | Elf:2    | Bought a scroll of enchant armour for 127 gold pieces
 55868 | Elf:2    | Found a runed translucent gate.
 55869 | Elf:2    | Found a runed translucent gate.
 55869 | Elf:2    | Found a runed translucent gate.
 55927 | Elf:2    | Found an ancient bone altar of Kikubaaqudgha.
 56551 | Elf:2    | Reached skill level 10 in Spellcasting
 56568 | Elf:3    | Entered Level 3 of the Elven Halls
 57036 | Elf:3    | Found Uhoac's General Store.
 57037 | Elf:3    | Found Seoxepao's Specific Store.
 57049 | Elf:3    | Bought a potion of haste for 150 gold pieces
 57371 | Abyss:2  | Cast into level 2 of the Abyss (a deep elf sorcerer)
 57431 | Abyss:3  | Paralysed by accursed screaming for 1 turns
 57446 | Abyss:3  | Paralysed by accursed screaming for 1 turns
 57577 | Abyss:5  | Found a corrupted altar of Lugonu.
 57747 | Abyss:5  | Paralysed by accursed screaming for 1 turns
 57749 | Abyss:5  | Paralysed by accursed screaming for 2 turns
 57758 | Abyss:5  | Paralysed by accursed screaming for 1 turns
 57760 | Elf:3    | Escaped the Abyss
 58444 | Depths:1 | Entered Level 1 of the Depths
 59644 | Depths:1 | Reached XP level 21. HP: 171/171 MP: 35/35
 59993 | Depths:1 | Reached skill level 15 in Armour
 61561 | Depths:1 | Found a snail-covered altar of Cheibriados.
 62235 | Depths:1 | Found a gateway to Hell.
 62250 | Depths:1 | Upgraded the game from 0.30.0-17-ge0270778cf to
                  | 0.30.0-18-gc0e69614cb
 62980 | D:13     | Bought 8 stones for 12 gold pieces
 62980 | D:13     | Bought 2 stones for 3 gold pieces
 62980 | D:13     | Bought 4 stones for 6 gold pieces
 63489 | Depths:2 | Found a corrupted altar of Lugonu.
 64806 | Depths:2 | Found a one-way gate leading to the halls of Pandemonium.
 64941 | Depths:2 | Found a one-way gateway to a ziggurat.
 65427 | Depths:2 | Found the +8 mithril axe "Arga" {speed, Will+}
 65445 | Depths:2 | Noticed a juggernaut
 65689 | Depths:1 | Banished a juggernaut
 66166 | Depths:2 | Identified the staff of poison "Ungazxow" {rPois rCorr}
 66440 | Depths:2 | Identified the staff of death "Busaaf Qin" {rC+ rN+}
 68393 | Depths:3 | Noticed a golden dragon
 68407 | Depths:2 | Banished a golden dragon
 68802 | Snake:3  | Bought a +2 helmet of see invisible for 430 gold pieces
 69411 | Depths:3 | Found Fehuh's Jewellery Shoppe.
 69411 | Depths:3 | Found Eshuus's Book Boutique.
 69427 | Depths:3 | Found Heelyras's Book Boutique.
 70153 | Depths:3 | Reached skill level 5 in Throwing
 71394 | Depths:4 | Entered Level 4 of the Depths
 71438 | Depths:4 | Noticed a golden dragon
 71597 | Depths:4 | Banished a golden dragon
 71778 | Depths:4 | Noticed a juggernaut
 72374 | Depths:3 | Banished a juggernaut
 73044 | Depths:4 | Reached XP level 22. HP: 182/182 MP: 36/36
 73099 | Depths:4 | Noticed Sojobo
 73103 | Depths:4 | Paralysed by an air elemental for 1 turns
 73108 | Depths:4 | Paralysed by an air elemental for 1 turns
 73111 | Depths:4 | Paralysed by an air elemental for 1 turns
 73116 | Depths:4 | Paralysed by an air elemental for 1 turns
 74501 | Depths:3 | Paralysed by an air elemental for 1 turns
 74507 | Depths:3 | Paralysed by an air elemental for 1 turns
 74512 | Depths:3 | Killed Sojobo
 75722 | Depths:4 | Found a hide-covered altar of Uskayaw.
 76415 | Depths:4 | Noticed a golden dragon
 76425 | Depths:4 | Killed a golden dragon
 76840 | Depths:4 | Found a gate to the Realm of Zot.
 77780 | Vaults:5 | Entered Level 5 of the Vaults
 77783 | Vaults:5 | Noticed a golden dragon
 77797 | Vaults:5 | Banished a golden dragon
 78282 | Vaults:5 | HP: 9/184 [titan/bolt of lightning (20)]
 78282 | Vaults:5 | HP: 3/184 [ettin/+0 great mace (6)]
 78282 | Vaults:5 | Annihilated by an ettin

Illustrated notes

Levels and vault maps discovered:
D:1:      dpeg_arrival_lava_temple_mockup, layout_basic
D:2:      kennysheep_six_static_rooms, layout_loops_corners,
          small_statue_intersection
D:3:      layout_basic, uniq_crazy_yiuf_cottage
D:4:      layout_rooms, uniq_pikel
D:5:      layout_basic, lemuel_coloured_pillars_altar, minmay_misc_feat_chi,
          amcnicky_mini_pool_small, serial_bayou_pond_a,
          kb_lookout_dungeons_type, uniq_blork_the_orc, uniq_ijyb
D:6:      layout_basic, mainiacjoe_overflow_concentric_impassable,
          mainiacjoe_overflow_boulevard, serial_shops,
          nicolae_shop_just_a_little_nook
D:7:      layout_gridville, minmay_temple_entry_drinking_statues,
          grunt_ministairs_6
D:8:      layout_rooms, mainiacjoe_overflow_catwalk, enter_ossuary_3,
          st_stairs_11
D:9:      layout_gridville, david_lair_generic, gammafunk_ghost_ooze,
          nicolae_shop_i_like_big_books, kennysheep_small_circle, uniq_maurice
D:10:     layout_roguey, jmf_multi_god_temple, dk_yredelemnul_ordeal,
          jmf_multi_god_temple2, david_orc_3
D:11:     layout_loops_corners, serial_undead, serial_undead_c, serial_undead_b,
          serial_undead_d, serial_undead_e
D:12:     layout_irregular_city, portal_ice_cave_rime, worms_lemuel
D:13:     layout_cave_pods, david_vaults_2, serial_shops,
          nicolae_shop_bloodbath_and_beyond, david_greed, uniq_urug
D:14:     layout_irregular_city, palyth_stone_intersect, grunt_ministairs_15
D:15:     grunt_enter_depths_giant_problem, layout_basic,
          chequers_serial_rivers_small_a, gammafunk_ghost_stat_death,
          uniq_rupert, uniq_nessos, uniq_agnes, uniq_roxanne
Temple:   cyrus_circular_temple
Lair:1:   dragon1_lemuel, layout_chaotic_city, grunt_megastairs_1,
          uniq_prince_ribbit2
Lair:2:   layout_roguey, minmay_snake_entry_six_corridors, serial_bayou_shore_b
Lair:3:   layout_cave_pods, palyth_hydra_swamp_entry,
          gammafunk_ghost_abyssal_escape
Lair:4:   regret_index_tunnel_blossom, layout_regular_city
Lair:5:   minmay_lair_end_frog_pond, layout_misc_corridors,
          minmay_slime_entry_pillars, roderic_batcave, lemuel_old_faithful,
          lemuel_fruit_fields
Swamp:1:  layout_basic_swamp, serial_swamp_ruin, evilmike_swamp_ruin_house_2,
          evilmike_swamp_ruin_house_5, evilmike_swamp_ruin_house_6
Swamp:2:  layout_basic_swamp, hangedman_swamp_ruin_wall
Swamp:3:  layout_basic_swamp, evilmike_swamp_ruin_rubble_1, swamp_pool4,
          nicolae_swamp_snake_nest
Swamp:4:  swamp, layout_basic_swamp, swamp_pool5
Snake:1:  layout_grid_maze, serial_shops, nicolae_shop_mannequins,
          minmay_shoptagon, uniq_mlioglotl, uniq_frances
Snake:2:  layout_grid_maze, grunt_megastairs_2, uniq_nikola
Snake:3:  cheibrodos_toxic_ritual, layout_rooms, nicolae_wooded_promenade,
          grunt_megastairs_5
Snake:4:  minmay_snake_end_coiled, layout_misc_corridors, guppyfry_snake_island,
          serial_bayou_shore_b, minmay_shop_star
Orc:1:    dreamdust_dug_too_deep, layout_diamond_mine
Orc:2:    st_orc_congregation, layout_diamond_mine, uniq_sonja
Elf:1:    layout_gridlike, kennysheep_underground_church
Elf:2:    nicolae_elf_blades_crystal_corner, layout_rooms, basic_altar,
          serial_shops, nicolae_shop_advertising_works
          [nicolae_subvault_shop_adworks]
Elf:3:    nooodl_elf_gasket, layout_geoelf_diagonals, nicolae_specific_store,
          grunt_megastairs_4
Vaults:1: hangedman_vaults_pinch, vaults_room_fancy_cross,
          nicolae_vaults_tangram_1, nicolae_vaults_storage_closets_2, v_misc_18,
          serial_ice_g, nicolae_vaults_tangram_1, v_misc_12,
          ontoclasm_vaults_ring_small, nicolae_vaults_display_case, v_misc_17,
          vaults_dpeg_diagonal, nicolae_vaults_doubleplus_tesselated,
          nicolae_vaults_house_3, layout_vaults_maze,
          nicolae_trove_entry_crossroad
Vaults:2: v_misc_2, hangedman_vaults_restitches,
          nicolae_vaults_variable_pillar_hall, nicolae_vaults_double_plus_2,
          nicolae_vaults_theta, nicolae_vaults_tetromino_T_2,
          layout_vaults_chaotic_city, serial_shops, nicolae_shop_hallway_plus,
          uniq_bai_suzhen
Vaults:3: portal_desolation_entry_twin_temple, nicolae_vaults_diamond_2,
          minmay_crypt_entry_necro_gods, ontoclasm_vaults_bender,
          nicolae_vaults_surprise_closet,
          nicolae_vaults_windows_and_doors_thing, vaults_dpeg_emergency_exit,
          vaults_dpeg_ring, layout_vaults_omnigrid
Vaults:4: nicolae_vaults_little_squares_4, nicolae_vaults_little_squares_5,
          nicolae_vaults_closet_pinwheel_5, nicolae_vaults_closet_pinwheel_2,
          nicolae_vaults_double_plus_2, nicolae_vaults_trapezoid_lopsided_3,
          grunt_vaults_trifunnel, v_misc_32, grunt_vaults_bifocal, v_misc_29,
          nicolae_vaults_shrinking_rooms_2, layout_vaults_omnibox, serial_shops,
          shop
Vaults:5
Depths:1: layout_honeycomb, hellmouth_2, slow_altar_2
Depths:2: minmay_the_grid_square_5x5_3x3
          [minmay_the_grid_square_5x5_inverted_slash,
          minmay_the_grid_square_5x5_longway,
          minmay_the_grid_square_5x5_bracketed,
          minmay_the_grid_square_5x5_detours,
          minmay_the_grid_square_5x5_megaprize_open,
          minmay_the_grid_square_5x5_broken_cross,
          minmay_the_grid_square_5x5_hollow_slash,
          minmay_the_grid_square_5x5_moneybag,
          minmay_the_grid_square_5x5_spiral], layout_cave_shapes,
          enter_ziggurat_a, minmay_staircase_statues_hall_large,
          abyss_entry_flame_altar, hangedman_coc_ice_floe,
          rand_demon_pan_entry_7, serial_bayou_shore_b
Depths:3: minmay_haunted_quarter, layout_cave_shapes, abyss_entry_crystal,
          elyvilon_altar_1, hell_entry, minmay_shop_grove
Depths:4: grunt_bruiser_brothers, layout_cave_pools, minmay_room_of_horrors,
          nicolae_uskayaw_murder_on_the_dancefloor, hell_entry, uniq_sojobo

Skill      XL: |  1  2  3  4  5  6  7  8  9 10 11 12 13 14 15 16 17 18 19 20 21 22 |
---------------+-------------------------------------------------------------------+-----
Dodging        | 3 4 5 6 7 8 9 10 11 | 11.5
Axes           | 3 4 5 6 7 8 9 |  9.3
Armour         | 1 2 3 4 5 6 7 8 9 10 11 12 13 14 15 16 | 16.4
Fighting       | 3 4 5 6 7 8 9 10 11 12 13 14 15 16 17 18 | 18.0
Conjurations   | 2 3 5 6 7 8 9 10 | 10.5
Ice Magic      | 1 3 4 5 6 7 8 9 10 | 10.0
Air Magic      | 1 3 4 5 6 7 8 9 10 | 10.0
Shields        | 1 2 4 5 6 7 8 9 10 11 12 13 14 | 14.3
Invocations    | 4 6 8 10 11 13 14 16 17 18 | 18.1
Polearms       | 3 4 5 |  5.2
Spellcasting   | 4 7 9 10 | 10.8
Throwing       | 5 7 |  7.3

Action                     |  1- 3 |  4- 6 |  7- 9 | 10-12 | 13-15 | 16-18 | 19-21 | 22-24 || total
---------------------------+-------+-------+-------+-------+-------+-------+-------+-------++-------
  Melee: War axe           |   179 |     6 |       |       |       |       |       |       ||   185
         Rapier            |       |    18 |   282 |   560 |    23 |       |       |       ||   883
         Punch             |       |       |     1 |       |       |       |       |       ||     1
         Demon trident     |       |       |       |       |  1112 |  1297 |  1582 |   239 ||  4230
  Throw: Throwing net      |       |       |       |       |     3 |       |       |       ||     3
         Dart              |       |       |       |       |       |     1 |     8 |       ||     9
         Stone             |       |       |       |       |       |       |    24 |       ||    24
   Cast: Freezing Cloud    |       |       |       |       |       |     2 |     6 |       ||     8
 Invoke: Upheaval          |       |       |       |       |     2 |     4 |     5 |     1 ||    12
         Disaster Area     |       |       |       |       |     1 |       |     6 |       ||     7
         Elemental Force   |       |       |       |       |       |       |     8 |     4 ||    12
  Evoke: Wand              |       |       |       |       |       |       |     6 |       ||     6
    Use: Scroll            |     6 |       |    15 |     4 |     8 |     7 |    18 |     8 ||    66
         Potion            |     3 |       |     3 |    11 |     9 |    11 |    15 |     8 ||    60
   Stab: Petrified         |       |       |       |       |       |     6 |       |       ||     6
         Distracted        |       |       |       |       |       |     3 |     2 |     3 ||     8
         Confused          |       |       |       |       |       |     1 |       |       ||     1
         Petrifying        |       |       |       |       |       |     1 |       |       ||     1
         Paralysed         |       |       |       |       |       |       |     1 |       ||     1
 Armour: Leather armour    |    60 |       |       |       |       |       |       |       ||    60
         Plate armour      |    49 |    14 |   245 |   361 |   397 |   162 |   352 |       ||  1580
         Acid dragon scale |       |       |       |     4 |       |       |       |       ||     4
         Crystal plate arm |       |       |       |       |   178 |   269 |   137 |   136 ||   720
  Dodge: Dodged            |    89 |     4 |    92 |   224 |   420 |   366 |   370 |    80 ||  1645
         Repelled          |       |       |       |       |     8 |    24 |    23 |     9 ||    64
  Block: Other             |    35 |     6 |    25 |       |       |       |       |       ||    66
         Kite shield       |       |       |   128 |   929 |   628 |   708 |  1497 |   298 ||  4188
         Reflection        |       |       |     1 |    10 |    48 |   116 |   114 |     4 ||   293
         Orb               |       |       |       |       |   457 |   339 |       |       ||   796
